 Dungeon Crawl Stone Soup version 0.30.0-10-gfe55d96785 (webtiles) character file.

Game seed: 4780078016921023980

67 Strat the Cudgeller (level 4, -5/40 HPs)
             Began as a Meteoran Monk on May 13, 2023.
             Slain by a gnoll
             ... wielding a +0 whip
              (7 damage)
             ... on level 2 of the Dungeon.
             The game lasted 00:02:06 (450 turns).

Strat the Cudgeller (Meteoran Monk)                  Turns: 450, Time: 00:02:07

Health: -5/40      AC:  2    Str: 14    XL:     4   Next: 65%
Magic:  5/5        EV: 13    Int: 12    God:
Gold:   12         SH:  0    Dex: 16    Spells: 3/3 levels left

rFire   . . .        a - +0 mace
rCold   . . .        d - orb {light}
rNeg    . . .        b - +0 robe
rPois   .            (no helmet)
rElec   .            (no cloak)
rCorr   .            (no gloves)
SInv    .            (no boots)
Will    .....        (no amulet)
Stlth   +            (no ring)
HPRegen 0.26/turn    (no ring)
MPRegen 0.09/turn

%: no passive effects
@: glowing
A: sense surroundings 1, otherworldly, glowing, explore regen
a: no special abilities


You were on level 2 of the Dungeon.
You visited 1 branch of the dungeon, and saw 2 of its levels.

You collected 12 gold pieces.

Inventory:

Hand Weapons
 a - a +0 mace (weapon)
Armour
 b - a +0 robe (worn)
 d - an orb of light (worn)
Scrolls
 i - a scroll of enchant armour {unknown}
 j - a scroll of identify {unknown}
Potions
 c - a potion of ambrosia
 e - a potion of might {unknown}
 f - a potion of flight {unknown}
 g - a potion of haste {unknown}
 h - 2 potions of attraction {unknown}
 k - a potion of curing {unknown}


   Skills:
 + Level 4.1 Fighting
 * Level 5.5 Maces & Flails
 - Level 3.9 Dodging


You had 3 spell levels left.
You didn't know any spells.
Your spell library was empty.

Dungeon Overview and Level Annotations

Branches:
Dungeon (2/15) Zot: 734

Altars:


Innate Abilities, Weirdness & Mutations

You passively map a small area around you.
You are easily found by Zot.
You glow in the dark.
You regain HP and MP as you explore.


Message History

The gnoll is moderately wounded.
The gnoll hits you with a +0 whip.
* * * LOW HITPOINT WARNING * * *
You sock the gnoll!
The gnoll is almost dead.
The gnoll hits you with a +0 whip.
* * * LOW HITPOINT WARNING * * *
You hit the gnoll.
You kill the gnoll!
Your Fighting skill increases to level 4!
You hit the gnoll but do no damage. The gnoll hits you with a +0 club.
* * * LOW HITPOINT WARNING * * *
You hit the gnoll.
The gnoll is moderately wounded.
The gnoll hits you with a +0 club.
* * * LOW HITPOINT WARNING * * *
You barely miss the gnoll.
The gnoll is moderately wounded.
The gnoll hits you with a +0 club.
* * * LOW HITPOINT WARNING * * *
The gnoll barely misses you.
You hit the gnoll.
The gnoll is heavily wounded.
The gnoll hits you with a +0 club.
* * * LOW HITPOINT WARNING * * *
You hit the gnoll.
The gnoll is severely wounded.
The gnoll hits you with a +0 club!
* * * LOW HITPOINT WARNING * * *
You hit the gnoll.
You kill the gnoll!
You hit the gnoll but do no damage. The gnoll misses you.
You hit the gnoll.
The gnoll is lightly wounded.
The gnoll hits you with a +0 whip.
* * * LOW HITPOINT WARNING * * *
You hit the gnoll.
The gnoll is heavily wounded.
The gnoll hits you with a +0 whip!
You die...

... ** * , * , * * .(....# ..##
, ......# #+###... , ** * *
.....# *, ......# * , ,,
.....## *..... * ***** ##...##
, ,... , #.....## ,
**#.###############.....[#
,#######.#.....g@.........)...#
#<....g.....###########....#.#
#)#####.#.#.##########...###.#
*#.# #.#.................##.#
#.# #.###.##########...###.#
#.#####.# #.# ##.## #.#
#.......# #.# #.# #.# #g#######
#.# #.# #.# #g#########.# #.#
#.#


You could see a gnoll.

Vanquished Creatures
  2 gnolls (D:2)
  2 adders (D:2)
  A dart slug (D:1)
  2 ball pythons (D:1)
  3 endoplasms (D:1)
  3 giant cockroaches (D:1)
  A hobgoblin (D:1)
  3 quokkas (D:1)
  3 bats (D:1)
  A frilled lizard (D:1)
  3 goblins (D:2)
  2 rats (D:1)
26 creatures vanquished.

Notes
Turn   | Place    | Note
-------+----------+-------------------------------------------
     0 | D:1      | Strat the Meteoran Monk began the quest for the Orb.
     0 | D:1      | Reached XP level 1. HP: 19/19 MP: 2/2
    61 | D:1      | Reached XP level 2. HP: 7/26 MP: 3/3
   175 | D:1      | Reached XP level 3. HP: 12/31 MP: 4/4
   300 | D:2      | Reached skill level 5 in Maces & Flails
   376 | D:2      | Reached XP level 4. HP: 29/40 MP: 5/5
   449 | D:2      | HP: 2/40 [gnoll/+0 whip (4)]
   450 | D:2      | Slain by a gnoll

Illustrated notes

Levels and vault maps discovered:
D:1:      roderic_octagonal_star, layout_loops_ring, hangedman_decor_opposing,
          nicolae_kite_square_tiling_tiny, grunt_decor_one_mirror
D:2:      layout_loops_ring, hellmonk_ecumenical_altar_crossroads,
          kennysheep_generic_room_14

Skill      XL: |  1  2  3  4 |
---------------+-------------+-----
Maces & Flails | 5 |  5.5
Fighting       | 4 |  4.1
Dodging        | |  3.9

Action                     |  1- 3 |  4- 6 || total
---------------------------+-------+-------++-------
  Melee: Mace              |    69 |    20 ||    89
 Armour: Robe              |    34 |       ||    34
  Dodge: Dodged            |    52 |     5 ||    57
